 Dungeon Crawl Stone Soup version 0.28-a0-657-g71136c5590 (webtiles) character file.

Game seed: 2076784591144624456

44 freelancePsychic the Skirmisher (level 3, -2/30 HPs)
             Began as a Djinni Cinder Acolyte on Oct 14, 2021.
             Was a High Priest of Ignis.
             Slain by a gnoll (4 damage)
             ... on level 3 of the Dungeon.
             The game lasted 00:02:04 (2224 turns).

freelancePsychic the Skirmisher (DjCA)              Turns: 2224, Time: 00:02:05

Health: -2/30      AC:  2    Str: 12 (13) XL:     3   Next: 87%
Gold:   61         EV: 11    Int: 13 (16) God:    Ignis [*****.] SH:  0 Dex:  7 (8)

rFire   + + +      SeeInvis .   a - -1 short sword (flame)
rCold   x . .      Faith    .   (no shield)
rNeg    . . .      Spirit   .   g - +0 robe
rPois   ∞          Reflect  .   (no helmet)
rElec   .          Harm     .   (no cloak)
rCorr   .          Rampage  .   (no gloves)
Will    .....                   (boots unavailable)
Stlth   +.........              (no amulet)
HPRegen 0.10/turn               (no ring)
MPRegen 0.00/turn               (no ring)

@: attractive, flying
A: sickness immunity, fire resistance 2, cold vulnerability 1, float, innate
caster, hp casting, extra vitality 1
a: Renounce Religion, Sea of Fire, Foxfire Swarm, Rising Flame


You were on level 3 of the Dungeon.
You worshipped Ignis.
Ignis was extremely pleased with you.
You visited 1 branch of the dungeon, and saw 3 of its levels.

You collected 61 gold pieces.

Inventory:

Hand Weapons
 a - a -1 short sword of flaming (weapon)
 b - a +1 dagger of holy wrath
 e - a +0 dagger
Armour
 g - a +0 robe (worn)
Jewellery
 f - an amulet of regeneration
Scrolls
 c - a scroll of enchant weapon {unknown}
Potions
 h - a potion of degeneration


   Skills:
 + Level 3.5 Fighting
 + Level 3.2 Short Blades
 + Level 2.8 Spellcasting


You had 4 spell levels left.
You knew the following spells:

 Your Spells              Type           Power      Damage    Failure   Level
a - Scorch                Fire           18%        2d6       11%         2
b - Apportation           Tloc           18%        N/A       8%          1
Your spell library was empty.

Dungeon Overview and Level Annotations

Branches:
Dungeon (3/15)

Altars:


Innate Abilities, Weirdness & Mutations

You are immune to sickness and miasma.
You are immune to poison.
Your flesh is very heat resistant. (rF++)
You are vulnerable to cold. (rC-)
You float through the air rather than walking.
You learn spells naturally, not from books.
Your magical power is your life essence.
You have superior vitality. (+4 HP)


Message History

There is a stone staircase leading up here.
You start resting.
HP restored.
You fly upwards.
There is a stone staircase leading down here.
Casting: Scorch (safe; 9% risk of failure)
Confirm with . or Enter, or press ? or * to list all spells.
Flames lash the hobgoblin.
The hobgoblin is severely wounded.
The hobgoblin's fire resistance burns away.
Casting: Scorch (safe; 9% risk of failure)
Confirm with . or Enter, or press ? or * to list all spells.
Flames lash the gnoll.
The gnoll is moderately wounded.
The gnoll's fire resistance burns away.
The gnoll hits you from afar with a +0 spear!
The gnoll hits you with a +0 flail!
* * * LOW HITPOINT WARNING * * *
The hobgoblin hits you.
* * * LOW HITPOINT WARNING * * *
The gnoll hits you from afar with a +0 spear.
* * * LOW HITPOINT WARNING * * *
You fly downwards.
There is a stone staircase leading up here.
The hobgoblin is no longer more vulnerable to fire.
It was a potion of degeneration.
There was something very wrong with that liquid.
You feel weakened.
You feel dopey.
You feel clumsy.
The gnoll is no longer more vulnerable to fire.
The gnoll hits you with a +0 flail.
* * * LOW HITPOINT WARNING * * *
It was a potion of attraction.
You feel attractive to monsters. The gnoll barely misses you.
The gnoll closely misses you. The hobgoblin is attracted toward you.
The gnoll is attracted toward you. The hobgoblin is attracted toward you.
The gnoll barely misses you.
You reach down and open the door.
The gnoll hits you with a +0 flail.
You die...

... ###
..#...
#.#.#
#...# #<#
#.#
#.########
#.....gg.#
########@#
#'# ...
.....
#......
#.......
#########


You could see a gnoll and a hobgoblin.

Vanquished Creatures
  A gnoll (D:2)
  A worm (D:2)
  3 bats
  4 endoplasms
  4 giant cockroaches
  2 goblins (D:2)
  4 hobgoblins
  2 ball pythons (D:2)
  3 frilled lizards
  2 kobolds
  3 rats
29 creatures vanquished.

Vanquished Creatures (others)
  5 plants (D:2)
5 creatures vanquished.

Grand Total: 34 creatures vanquished

Notes
Turn   | Place    | Note
-------+----------+-------------------------------------------
     0 | D:1      | freelancePsychic the Djinni Cinder Acolyte began the quest
                  | for the Orb.
     0 | D:1      | Reached XP level 1. HP: 20/20 MP: 0/0
   273 | D:1      | Reached XP level 2. HP: 20/25 MP: 0/0
  1353 | D:2      | Reached XP level 3. HP: 23/30 MP: 0/0
  1353 | D:2      | Learned a level 1 spell: Apportation
  2224 | D:3      | Slain by a gnoll

Illustrated notes

Levels and vault maps discovered:
D:1:      minmay_arrival_open_corners, layout_loops_ring
D:2:      minmay_thinvault, layout_loops_cross,
          chequers_ecumenical_altar_island, serial_bayou_lagoon_a
D:3:      layout_basic

Skill      XL: |  1  2 |
---------------+-------+-----
Short Blades   | 3 |  3.2
Fighting       | |  3.5
Spellcasting   | |  2.8

Action                   || total
-------------------------++-------
Melee: Short sword       ||    57
 Cast: Scorch            ||    27
  Use: Potion            ||     2
Armor: Robe              ||    18
Dodge: Dodged            ||    43

Table legend: (Time is in decaauts)
 A = Elapsed time spent in this place.
 B = Non-inter-level travel time spent in this place.
 C = Inter-level travel time spent in this place.
 D = Time resting spent in this place.
 E = Time spent auto-exploring this place.
 F = Levels seen in this place.
 G = Mean time per level.
                   A        B        C        D        E       F      G
               +--------+--------+--------+--------+--------+-----+--------+
         Total |   2222 |   2193 |     29 |    174 |   1736 |   3 |  740.7 |
       Dungeon |   2222 |   2193 |     29 |    174 |   1736 |   3 |  740.7 |
               +--------+--------+--------+--------+--------+-----+--------+

Top non-repeatable levels by time:
     D:2: 1137 daAuts
     D:1: 897 daAuts
     D:3: 188 daAuts
